 Dungeon Crawl Stone Soup version 0.21-a0-404-g291f19a (webtiles) character file.

58482 DocClef the Blocker (level 14, -8/113 HPs)
             Began as a Gnoll Fighter on Oct 28, 2017.
             Was a High Priest of Okawaru.
             Killed by divine providence
             ... invoked by an orc priest
             ... led by an orc knight
              (16 damage)
             ... on level 1 of the Orcish Mines.
             The game lasted 00:47:26 (24354 turns).

DocClef the Blocker (Gnoll Fighter)                Turns: 24354, Time: 00:47:28

Health: -8/113     AC: 24    Str: 28    XL:     14   Next: 90%
Magic:  20/27      EV: 16    Int: 17    God:    Okawaru [*****.]
Gold:   1384       SH:  0    Dex: 12    Spells: 16/31 levels left

rFire    + . .     SeeInvis .   W - +1 halberd "Dragonslayer" {vamp, rC+++ Str+3 Int+6 Dex-4}
rCold    + + +     Gourm    .   (shield currently unavailable)
rNeg     . . .     Faith    .   q - +2 chain mail {rC+}
rPois    +         Spirit   .   P - +2 hat {MR+}
rElec    .         Reflect  .   I - scarf {rC+ rF+}
rCorr    .         Harm     .   u - +2 pair of gloves {Str+3}
MR       +++..                  i - +1 pair of boots
Stlth    ++........             (no amulet)
HPRegen  0.28/turn              k - ring of protection from magic
MPRegen  0.20/turn              G - ring of poison resistance

@: heroism, finesse, singing, drained
A: distributed training, fangs 1, strong nose
a: Heroism, Finesse, Renounce Religion


You were on level 1 of the Orcish Mines.
You worshipped Okawaru.
Okawaru was extremely pleased with you.
You were not hungry.

You visited 4 branches of the dungeon, and saw 21 of its levels.
You also visited: Ice Cave and Volcano.

You collected 1571 gold pieces.
You spent 187 gold pieces at shops.

Inventory:

Hand Weapons
 e - a +3 quarterstaff of protection
 W - the +1 halberd "Dragonslayer" (weapon) {vamp, rC+++ Str+3 Int+6 Dex-4}
   (You found it in a volcano)

   It inflicts no extra harm, but heals its wielder when it wounds a living foe.
   It affects your strength (+3).
   It affects your intelligence (+6).
   It affects your dexterity (-4).
   It renders you almost immune to cold.
Missiles
 A - 3 tomahawks of returning (quivered)
Armour
 i - a +1 pair of boots (worn)
 q - a +2 chain mail of cold resistance (worn)
 u - a +2 pair of gloves of strength (worn)
 w - the +2 hat of the Salmon {rCorr}
   (You found it in an ice cave)

   It protects you from acid and corrosion.
 I - a scarf of resistance (worn)
 M - the +4 leather armour "Unwow" {rElec rC++ Regen+}
   (You found it on level 2 of the Lair of Beasts)

   It greatly protects you from cold.
   It insulates you from electricity.
   It increases your rate of regeneration.
 P - a +2 hat of magic resistance (worn)
Jewellery
 h - an uncursed ring of ice
 k - a ring of protection from magic (left hand)
 l - an uncursed ring of protection from cold
 G - a ring of poison resistance (right hand)
Wands
 r - a wand of iceblast (4/15)
 s - a wand of confusion (27/48)
 v - a wand of iceblast (4/15)
 y - a wand of disintegration (7/24)
 z - a wand of flame (21/48)
 F - a wand of confusion (32/48)
 X - a wand of clouds (5/9)
 Z - a wand of polymorph (12/24)
Scrolls
 b - 4 scrolls of amnesia
 g - 3 scrolls of magic mapping
 m - 6 scrolls of remove curse
 n - 5 scrolls of teleportation
 N - a scroll of fog
 S - 3 scrolls of fear
Potions
 c - a potion of brilliance
 o - 4 potions of flight
 t - 4 potions of curing
 x - a potion of agility
 H - a potion of berserk rage
 J - a potion of heal wounds
 L - a potion of magic
 O - 2 potions of might
 R - a potion of cancellation {unknown}
 U - a potion of haste
 V - a potion of experience {unknown}
 Y - a potion of resistance
Books
 a - a book of Cantrips

   Spells                             Type                      Level
   a - Confusing Touch                Hexes                        1
   b - Animate Skeleton               Necromancy                   1
   c - Summon Small Mammal            Summoning                    1
   d - Apportation                    Translocation                1
 d - a book of Minor Magic

   Spells                             Type                      Level
   a - Magic Dart                     Conjuration                  1
   b - Blink                          Translocation                2
   c - Call Imp                       Summoning                    2
   d - Slow                           Hexes                        2
   e - Conjure Flame                  Conjuration/Fire             3
   f - Mephitic Cloud                 Conjuration/Poison/Air       3
 f - a book of Battle

   Spells                             Type                      Level
   a - Infusion                       Charms                       1
   b - Shroud of Golubria             Charms/Translocation         2
   c - Song of Slaying                Charms                       2
   d - Spectral Weapon                Hexes/Charms                 3
   e - Regeneration                   Charms/Necromancy            3
 B - a book of Debilitation

   Spells                             Type                      Level
   a - Corona                         Hexes                        1
   b - Slow                           Hexes                        2
   c - Inner Flame                    Hexes/Fire                   3
   d - Portal Projectile              Hexes/Translocation          3
   e - Cause Fear                     Hexes                        4
   f - Leda's Liquefaction            Hexes/Earth                  4
 D - a book of Power

   Spells                             Type                      Level
   a - Iskenderun's Battlesphere      Conjuration/Charms           5
   b - Venom Bolt                     Conjuration/Poison           5
   c - Bolt of Magma                  Conjuration/Fire/Earth       5
   d - Iron Shot                      Conjuration/Earth            6
   e - Orb of Destruction             Conjuration                  7
   f - Spellforged Servitor           Conjuration/Summoning        7
 K - a book of Frost

   Spells                             Type                      Level
   a - Freeze                         Ice                          1
   b - Throw Frost                    Conjuration/Ice              2
   c - Ozocubu's Armour               Charms/Ice                   3
   d - Throw Icicle                   Conjuration/Ice              4
   e - Summon Ice Beast               Ice/Summoning                4
 Q - the Reference Book on Creative Combat Magic
   (You found it on level 3 of the Lair of Beasts)

   Spells                             Type                      Level
   a - Shock                          Conjuration/Air              1
   b - Summon Butterflies             Summoning                    1
   c - Static Discharge               Conjuration/Air              3
   d - Recall                         Summoning/Translocation      3
   e - Summon Forest                  Summoning/Translocation      5
   f - Orb of Destruction             Conjuration                  7
 T - a book of Ice

   Spells                             Type                      Level
   a - Ice Form                       Ice/Transmutation            4
   b - Metabolic Englaciation         Hexes/Ice                    5
   c - Ozocubu's Refrigeration        Ice                          6
   d - Bolt of Cold                   Conjuration/Ice              6
   e - Freezing Cloud                 Conjuration/Ice/Air          6
   f - Simulacrum                     Ice/Necromancy               6
Comestibles
 p - 35 fruits
 C - 18 royal jellies
 E - 2 bread rations


   Skills:
 + Level 11.3(15.5) Fighting
 + Level 9.4(13.7) Short Blades
 + Level 9.4(13.7) Long Blades
 + Level 9.4(13.7) Axes
 + Level 10.4(14.7) Maces & Flails
 + Level 9.4(13.7) Polearms
 + Level 9.4(13.7) Staves
 + Level 9.4(13.7) Slings
 + Level 9.4(13.7) Bows
 + Level 9.4(13.7) Crossbows
 + Level 9.4(13.7) Throwing
 + Level 11.3(15.5) Armour
 + Level 9.4(13.7) Dodging
 + Level 9.4(13.7) Stealth
 + Level 11.3(15.5) Shields
 + Level 9.4(13.7) Unarmed Combat
 + Level 9.4(8.8) Spellcasting
 + Level 7.9(7.2) Conjurations
 + Level 7.9(7.2) Hexes
 + Level 7.9(7.2) Charms
 + Level 7.9(7.2) Summonings
 + Level 7.9(7.2) Necromancy
 + Level 7.9(7.2) Translocations
 + Level 7.9(7.2) Transmutations
 + Level 7.9(7.2) Fire Magic
 + Level 7.9(7.2) Ice Magic
 + Level 7.9(7.2) Air Magic
 + Level 7.9(7.2) Earth Magic
 + Level 7.9(7.2) Poison Magic
 + Level 10.2(9.5) Invocations
 + Level 9.4(8.8) Evocations


You had 16 spell levels left.
You knew the following spells:

 Your Spells              Type           Power        Failure   Level  Hunger
a - Confusing Touch       Hex            ####..       1%          1    None
b - Animate Skeleton      Necr           N/A          1%          1    None
c - Blink                 Tloc           N/A          2%          2    None
d - Summon Butterflies    Summ           ####....     1%          1    None
e - Shroud of Golubria    Chrm/Tloc      ####......   2%          2    None
f - Spectral Weapon       Hex/Chrm       ####....     4%          3    #......
g - Song of Slaying       Chrm           ####....     2%          2    None
h - Regeneration          Chrm/Necr      ####......   4%          3    #......


Dungeon Overview and Level Annotations

Branches:
Dungeon (12/15)            Temple (1/1) D:4            Lair (6/6) D:10
 Shoals (0/4) Lair:3       Spider (0/4) Lair:2        Slime (0/5) Lair:5
    Orc (2/2) D:11
    Elf: Orc:2

Altars:
Ashenzari
Cheibriados
Dithmenos
Elyvilon
Fedhas
Gozag
Hepliaklqana
Kikubaaqudgha
Makhleb
Nemelex Xobeh
Okawaru
Qazlal
Ru
Sif Muna
Trog
Uskayaw
Vehumet
Wu Jian
Xom
Yredelemnul
Zin
The Shining One

Shops:
D:4 ?   D:6 [   D:7 ?

Annotations:
Lair:3 exclusion: oklob plant
Lair:5 exclusion: 2 oklob plants


Innate Abilities, Weirdness & Mutations

Your experience applies equally to all skills.
You have very sharp teeth.
Your uncanny sense of smell can sniff out nearby items.


Message History

You gain the combat prowess of a mighty hero.
The orc warrior completely misses you. Something hits you.
* * * LOW HITPOINT WARNING * * *
The orc sorcerer hits you but does no damage.
The orc knight closely misses you.
The orc priest hits you but does no damage.
Okay, then.
You can now deal lightning-fast blows.
The orc warrior hits you with a short sword.
* * * LOW HITPOINT WARNING * * *
The ogre hits you but does no damage. Something hits you but does no damage.
The orc sorcerer hits you with a dagger.
* * * LOW HITPOINT WARNING * * *
You closely miss the orc sorcerer.
You bite the orc sorcerer, but do no damage.
The orc knight hits you with a great sword of slicing.
* * * LOW HITPOINT WARNING * * *
x2 The orc priest mumbles some strange prayers to Beogh against you.
Beogh smites you!
You die...

*** ######## ####
**,**##..##..###..##
*,,,,#$............##*##
**,,,,#o..$...#.....##.##
**,,,#o@o...#.#........#
#.....o{O..#...#.......#
*#...........#.#.........
**...#.........#.........,
**,....#......#...........,
*,,..........#..>....#.#...
**,...$.....##......#####..
**,.###....###........# #..
*,,,* **,.,........).####..


You could see an orc knight, an orc sorcerer, an orc warrior, an ogre and an orc
priest.

Vanquished Creatures
  Gastronok (Lair:1)
  Erolcha (D:9)
  5 hydras
  13 death yaks
  2 two-headed ogres
  A sun demon (Volcano)
  A hell knight (Volcano)
  A lindwurm (Lair:5)
  A necromancer (IceCv)
  3 ugly things
  7 elephants (Lair:6)
  A manticore (D:7)
  Joseph (D:7)
  2 merfolk sirens (Lair:3)
  2 black mambas
  2 molten gargoyles (Volcano)
  3 spiny frogs
  An ice statue (IceCv)
  3 rime drakes
  10 freezing wraiths (IceCv)
  6 komodo dragons
  A queen bee (Lair:1)
  5 polar bears
  A troll (Orc:1)
  2 merfolk (Lair:3)
  2 hornets (Lair:6)
  Prince Ribbit (D:7)
  5 blink frogs
  3 hippogriffs
  3 dream sheep (Lair:6)
  A shadow (D:10)
  28 yaks
  12 spriggans
  6 wyverns
  2 fire bats (Volcano)
  A steam dragon (D:9)
  2 basilisks
  A death yak simulacrum (IceCv)
  Menkaure (D:7)
  11 water moccasins
  2 hell hounds (Volcano)
  15 two-headed ogre zombies (D:9)
  8 porcupines
  5 orc warriors
  10 ice beasts
  5 sky beasts
  A hornet zombie (D:12)
  4 phantoms
  7 ogres
  5 boggarts (Lair:6)
  6 black bears
  7 centaurs
  A necrophage (D:11)
  25 wolves
  6 crocodiles
  2 big kobolds
  A wyvern zombie (D:11)
  17 bullfrogs
  A water moccasin zombie (D:7)
  7 scorpions
  30 killer bees
  An elephant simulacrum (IceCv)
  13 wights
  4 howler monkeys
  4 jellies
  3 lava snakes (Volcano)
  2 bullfrog zombies
  4 crimson imps
  6 draconian simulacra (IceCv)
  5 hounds
  5 orc priests
  A bullfrog skeleton (D:4)
  2 centaur skeletons
  5 iguanas
  8 orc wizards
  A polar bear simulacrum (IceCv)
  3 troll simulacra (IceCv)
  7 worker ants
  3 spriggan simulacra (IceCv)
  A wolf simulacrum (IceCv)
  A killer bee zombie (D:9)
  2 centaur simulacra (IceCv)
  2 hound zombies
  11 adders
  14 gnolls
  4 naga simulacra (IceCv)
  2 ogre simulacra (IceCv)
  4 shadow imps
  12 white imps (IceCv)
  An ooze (D:2)
  2 adder zombies
  2 worms (D:3)
  2 dart slugs (D:2)
  4 leopard geckos
  33 orcs
  6 bats
  4 giant cockroaches
  6 goblins
  9 hobgoblins
  16 jackals
  5 quokkas
  4 ball pythons
  2 frilled lizards
  A jackal skeleton (D:8)
  13 kobolds
  2 quokka zombies (D:6)
  2 rats (D:2)
  A fungus (Lair:3)
  A plant (Lair:3)
566 creatures vanquished.

Vanquished Creatures (others)
  6 fungi
  A plant (Lair:6)
7 creatures vanquished.

Grand Total: 573 creatures vanquished

Notes
Turn   | Place    | Note
-------+----------+-------------------------------------------
     0 | D:1      | DocClef the Gnoll Fighter began the quest for the Orb.
     0 | D:1      | Reached XP level 1. HP: 23/23 MP: 1/1
    19 | D:1      | Reached XP level 2. HP: 22/29 MP: 2/2
   498 | D:1      | Reached XP level 3. HP: 35/35 MP: 3/3
   677 | D:2      | Found an opulent altar of Gozag.
   724 | D:2      | Found a white marble altar of Elyvilon.
   798 | D:2      | Reached skill level 1 in Invocations
   945 | D:2      | Reached skill level 1 in Short Blades
   945 | D:2      | Reached skill level 1 in Long Blades
   945 | D:2      | Reached skill level 1 in Axes
   945 | D:2      | Reached skill level 1 in Polearms
   945 | D:2      | Reached skill level 1 in Staves
   945 | D:2      | Reached skill level 1 in Slings
   945 | D:2      | Reached skill level 1 in Bows
   945 | D:2      | Reached skill level 1 in Crossbows
   945 | D:2      | Reached skill level 1 in Throwing
   945 | D:2      | Reached skill level 1 in Dodging
   945 | D:2      | Reached skill level 1 in Stealth
   945 | D:2      | Reached skill level 1 in Unarmed Combat
   945 | D:2      | Reached skill level 1 in Spellcasting
   945 | D:2      | Reached skill level 1 in Evocations
   945 | D:2      | Reached XP level 4. HP: 38/41 MP: 5/5
  1076 | D:2      | Found a sparkling altar of Nemelex Xobeh.
  1398 | D:2      | Found a glowing golden altar of the Shining One.
  1797 | D:3      | Reached skill level 1 in Conjurations
  1797 | D:3      | Reached skill level 1 in Hexes
  1797 | D:3      | Reached skill level 1 in Charms
  1797 | D:3      | Reached skill level 1 in Summonings
  1797 | D:3      | Reached skill level 1 in Necromancy
  1797 | D:3      | Reached skill level 1 in Translocations
  1797 | D:3      | Reached skill level 1 in Transmutations
  1797 | D:3      | Reached skill level 1 in Fire Magic
  1797 | D:3      | Reached skill level 1 in Ice Magic
  1797 | D:3      | Reached skill level 1 in Air Magic
  1797 | D:3      | Reached skill level 1 in Earth Magic
  1797 | D:3      | Reached skill level 1 in Poison Magic
  2154 | D:3      | Reached XP level 5. HP: 41/47 MP: 6/6
  2569 | D:4      | Noticed an ogre
  2781 | D:4      | Noticed a phantom
  2803 | D:4      | Killed a phantom
  2803 | D:4      | Reached XP level 6. HP: 53/53 MP: 8/8
  2946 | D:4      | Found a staircase to the Ecumenical Temple.
  2959 | D:4      | Reached skill level 5 in Maces & Flails
  2969 | Temple   | Entered the Ecumenical Temple
  2994 | Temple   | Became a worshipper of Warmaster Okawaru
  3073 | D:4      | Found Aquozet's Magic Scroll Emporium.
  3241 | D:4      | Reached XP level 7. HP: 22/59 MP: 10/10
  3539 | D:5      | Entered Level 5 of the Dungeon
  3854 | D:5      | Reached XP level 8. HP: 34/67 MP: 10/12
  3862 | D:5      | Reached * piety under Okawaru
  4805 | D:6      | Found an ancient bone altar of Kikubaaqudgha.
  4821 | D:6      | Found Buth's Antique Armour Shop.
  4826 | D:6      | Bought a pair of embroidered gloves for 187 gold pieces
  4908 | D:6      | Reached ** piety under Okawaru
  5069 | D:6      | Identified a scroll of acquirement
  5129 | D:6      | Reached XP level 9. HP: 41/72 MP: 11/14
  5784 | D:7      | Found Goategosch's Magic Scroll Shoppe.
  6148 | D:7      | Reached *** piety under Okawaru
  6238 | D:7      | Noticed Menkaure
  6244 | D:7      | Killed Menkaure
  6245 | D:7      | Found a glowing golden altar of the Shining One.
  6272 | D:7      | Noticed Prince Ribbit
  6286 | D:7      | Killed Prince Ribbit
  6342 | D:7      | Noticed Joseph
  6396 | D:7      | Killed Joseph
  6396 | D:7      | Reached skill level 5 in Invocations
  6870 | D:7      | Reached XP level 10. HP: 77/80 MP: 17/17
  7020 | D:7      | Noticed a manticore
  7032 | D:7      | Killed a manticore
  7032 | D:7      | Reached **** piety under Okawaru
  7261 | D:8      | Found an ornate altar of the Wu Jian Council.
  7261 | D:8      | Found a blossoming altar of Fedhas.
  7319 | D:8      | Reached skill level 5 in Short Blades
  7319 | D:8      | Reached skill level 5 in Long Blades
  7319 | D:8      | Reached skill level 5 in Axes
  7319 | D:8      | Reached skill level 5 in Polearms
  7319 | D:8      | Reached skill level 5 in Staves
  7319 | D:8      | Reached skill level 5 in Slings
  7319 | D:8      | Reached skill level 5 in Bows
  7319 | D:8      | Reached skill level 5 in Crossbows
  7319 | D:8      | Reached skill level 5 in Throwing
  7319 | D:8      | Reached skill level 5 in Dodging
  7319 | D:8      | Reached skill level 5 in Stealth
  7319 | D:8      | Reached skill level 5 in Unarmed Combat
  7319 | D:8      | Reached skill level 5 in Spellcasting
  7319 | D:8      | Reached skill level 5 in Evocations
  7401 | D:8      | Found a bloodstained altar of Trog.
  8177 | D:9      | Reached ***** piety under Okawaru
  8195 | D:9      | Received a gift from Okawaru
  8459 | D:9      | Noticed a two-headed ogre
  8478 | D:9      | Killed a two-headed ogre
  8914 | D:9      | Reached XP level 11. HP: 87/87 MP: 16/19
  9121 | D:9      | Received a gift from Okawaru
  9484 | D:9      | Noticed Erolcha
  9498 | D:9      | Killed Erolcha
  9498 | D:9      | Received a gift from Okawaru
  9498 | D:9      | Reached skill level 5 in Conjurations
  9498 | D:9      | Reached skill level 5 in Hexes
  9498 | D:9      | Reached skill level 5 in Charms
  9498 | D:9      | Reached skill level 5 in Summonings
  9498 | D:9      | Reached skill level 5 in Necromancy
  9498 | D:9      | Reached skill level 5 in Translocations
  9498 | D:9      | Reached skill level 5 in Transmutations
  9498 | D:9      | Reached skill level 5 in Fire Magic
  9498 | D:9      | Reached skill level 5 in Ice Magic
  9498 | D:9      | Reached skill level 5 in Air Magic
  9498 | D:9      | Reached skill level 5 in Earth Magic
  9498 | D:9      | Reached skill level 5 in Poison Magic
  9805 | D:9      | Found a deep blue altar of Sif Muna.
 10163 | D:10     | Entered Level 10 of the Dungeon
 10191 | D:10     | Noticed a two-headed ogre
 10206 | D:10     | Killed a two-headed ogre
 10471 | D:10     | Learned a level 1 spell: Confusing Touch
 10473 | D:10     | Learned a level 1 spell: Animate Skeleton
 10476 | D:10     | Learned a level 2 spell: Blink
 10952 | D:10     | Received a gift from Okawaru
 11041 | D:10     | Found a staircase to the Lair.
 11098 | Lair:1   | Entered Level 1 of the Lair of Beasts
 11115 | Lair:1   | Noticed Gastronok
 11149 | Lair:1   | Killed Gastronok
 11243 | Lair:1   | Reached XP level 12. HP: 50/96 MP: 19/22
 13865 | Lair:2   | Got a bloodstained leather armour
 13876 | Lair:2   | Identified the +4 leather armour "Unwow" {rElec rC++ Regen+} (You found it on level 2 of the Lair of Beasts)
 13952 | Lair:2   | Found a hole to the Spider Nest.
 14287 | Lair:3   | Noticed an eight-headed hydra
 14309 | Lair:2   | Killed an eight-headed hydra
 14309 | Lair:2   | Received a gift from Okawaru
 14317 | Lair:2   | Got a warped hand axe {god gift}
 14318 | Lair:2   | Identified the +6 hand axe "Owig" {venom, rF+ MR+ Int+4} (Okawaru gifted it to you on level 2 of the Lair of Beasts)
 14518 | Lair:3   | Reached skill level 10 in Fighting
 14518 | Lair:3   | Reached skill level 10 in Armour
 14518 | Lair:3   | Reached skill level 10 in Shields
 14824 | Lair:3   | Noticed a six-headed hydra
 14837 | Lair:3   | Killed a six-headed hydra
 14837 | Lair:3   | Received a gift from Okawaru
 15100 | Lair:3   | Identified the Reference Book on Creative Combat Magic
 15113 | Lair:3   | Reached XP level 13. HP: 103/103 MP: 24/24
 15196 | Lair:3   | Found a staircase to the Shoals.
 16555 | Lair:5   | Found a dark tunnel.
 16571 | Volcano  | Entered a volcano
 16784 | Volcano  | Received a gift from Okawaru
 16833 | Volcano  | Found a radiant altar of Vehumet.
 16933 | Volcano  | Got an ancient halberd
 16935 | Volcano  | Identified the cursed +1 halberd "Dragonslayer" {vamp, rC+++ Str+3 Int+6 Dex-4} (You found it in a volcano)
 17042 | Volcano  | Received a gift from Okawaru
 17447 | Lair:5   | Received a gift from Okawaru
 18718 | Lair:6   | Entered Level 6 of the Lair of Beasts
 18872 | Lair:6   | Received a gift from Okawaru
 18908 | Lair:6   | Received a gift from Okawaru
 18947 | Lair:6   | Reached XP level 14. HP: 111/111 MP: 23/26
 19062 | Lair:6   | Received a gift from Okawaru
 19093 | Lair:6   | Reached skill level 10 in Maces & Flails
 21015 | Lair:6   | Reached skill level 10 in Invocations
 21224 | Lair:6   | Learned a level 1 spell: Summon Butterflies
 21227 | Lair:6   | Learned a level 2 spell: Shroud of Golubria
 21231 | Lair:6   | Learned a level 3 spell: Spectral Weapon
 21234 | Lair:6   | Learned a level 2 spell: Song of Slaying
 21238 | Lair:6   | Learned a level 3 spell: Regeneration
 21668 | D:11     | Found a staircase to the Orcish Mines.
 23120 | Orc:1    | Entered Level 1 of the Orcish Mines
 23194 | Orc:2    | Entered Level 2 of the Orcish Mines
 23237 | Orc:1    | Found a frozen archway.
 23248 | IceCv    | Entered an ice cave
 23318 | IceCv    | Received a gift from Okawaru
 23728 | IceCv    | Found an ancient bone altar of Kikubaaqudgha.
 24204 | IceCv    | Got an encrusted hat
 24215 | IceCv    | Identified the +2 hat of the Salmon {rCorr} (You found it in an ice cave)
 24354 | Orc:1    | Killed from afar by an orc priest

Vault maps used:
D:1:      dpeg_arrival_pond
D:2:      grunt_gozag_statues, lemuel_coloured_pillars_altar,
          nicolae_tso_swordbearing_angel, elyvilon_altar_3
D:3:      minmay_goblin_kobold_house
D:4:      temple_green, serial_shops, kennysheep_mini_moat
D:5:      first_bread
D:6:      kiku_gazebo_garden_becter, serial_shops, shop
D:7:      serial_shops, nicolae_shop_competitors_out_of_business, basic_altar,
          uniq_prince_ribbit1, uniq_joseph, uniq_menkaure
D:8:      kennysheep_spiral_hall, gammafunk_temple_overflow_elements,
          trog_three_pillars_becter
D:9:      lemuel_ogre_cave, tgw_sif, blue_anna_alchemist
D:10:     lair_entry_dummy
D:11:     orc_0_dummy
Temple:   nicolae_temple_no_exploring_needed
Lair:1:   uniq_gastronok
Lair:2:   dummy_spider_entry, grunt_megastairs_3
Lair:3:   minmay_lair_oklob_tunnel, elwin_shoals_entry_stream
Lair:5:   minmay_slime_entry_oklob_open, nicolae_volcano_entry_lava_flow
Lair:6:   minmay_lair_end_enchanted_forest, minivault_19
Orc:1:    portal_ice_cave_entry_pillars_2
Orc:2:    st_orc_mages, basic_altar
IceCv:    ice_cave_small_necro
Volcano:  volcano_lake

Skill      XL: |  1  2  3  4  5  6  7  8  9 10 11 12 13 14 |
---------------+-------------------------------------------+-----
Invocations    | 1 2 3 4 5 6 7 8 9 10 | 10.2
Short Blades   | 1 2 3 4 5 6 7 8 9 |  9.4
Long Blades    | 1 2 3 4 5 6 7 8 9 |  9.4
Axes           | 1 2 3 4 5 6 7 8 9 |  9.4
Polearms       | 1 2 3 4 5 6 7 8 9 |  9.4
Staves         | 1 2 3 4 5 6 7 8 9 |  9.4
Slings         | 1 2 3 4 5 6 7 8 9 |  9.4
Bows           | 1 2 3 4 5 6 7 8 9 |  9.4
Crossbows      | 1 2 3 4 5 6 7 8 9 |  9.4
Throwing       | 1 2 3 4 5 6 7 8 9 |  9.4
Dodging        | 1 2 3 4 5 6 7 8 9 |  9.4
Stealth        | 1 2 3 4 5 6 7 8 9 |  9.4
Unarmed Combat | 1 2 3 4 5 6 7 8 9 |  9.4
Spellcasting   | 1 2 3 4 5 6 7 8 9 |  9.4
Evocations     | 1 2 3 4 5 6 7 8 9 |  9.4
Conjurations   | 1 2 3 4 5 6 7 |  7.9
Hexes          | 1 2 3 4 5 6 7 |  7.9
Charms         | 1 2 3 4 5 6 7 |  7.9
Summonings     | 1 2 3 4 5 6 7 |  7.9
Necromancy     | 1 2 3 4 5 6 7 |  7.9
Translocations | 1 2 3 4 5 6 7 |  7.9
Transmutations | 1 2 3 4 5 6 7 |  7.9
Fire Magic     | 1 2 3 4 5 6 7 |  7.9
Ice Magic      | 1 2 3 4 5 6 7 |  7.9
Air Magic      | 1 2 3 4 5 6 7 |  7.9
Earth Magic    | 1 2 3 4 5 6 7 |  7.9
Poison Magic   | 1 2 3 4 5 6 7 |  7.9
Maces & Flails | 5 6 7 8 9 10 | 10.4
Fighting       | 7 8 9 10 11 | 11.3
Armour         | 7 8 9 10 11 | 11.3
Shields        | 7 8 9 10 11 | 11.3

Action                   |  1- 3 |  4- 6 |  7- 9 | 10-12 | 13-15 || total
-------------------------+-------+-------+-------+-------+-------++-------
Melee: Flail             |   101 |   171 |    33 |       |       ||   305
       Bite              |    10 |    22 |    74 |   196 |   231 ||   533
       Spear             |       |       |   533 |       |       ||   533
       Fustibalus        |       |       |     3 |       |       ||     3
       Quarterstaff      |       |       |    21 |   996 |   420 ||  1437
       Hand axe          |       |       |       |    53 |       ||    53
       Punch             |       |       |       |     1 |       ||     1
       Halberd           |       |       |       |       |   876 ||   876
 Cast: Animate Skeleton  |       |       |       |     3 |       ||     3
       Song of Slaying   |       |       |       |       |     8 ||     8
       Blink             |       |       |       |       |     1 ||     1
       Shroud of Golubri |       |       |       |       |     1 ||     1
       Spectral Weapon   |       |       |       |       |     1 ||     1
Invok: Heroism           |       |       |     5 |    15 |    20 ||    40
       Finesse           |       |       |       |     7 |    13 ||    20
Evoke: Wand              |       |     1 |       |    10 |    11 ||    22
  Use: Potion            |       |       |     3 |     2 |     6 ||    11
       Scroll            |       |       |    10 |    12 |     9 ||    31
 Stab: Confused          |       |       |       |     1 |       ||     1
       Sleeping          |       |       |       |       |     6 ||     6
       Distracted        |       |       |       |       |     1 ||     1
  Eat: Chunk             |       |     8 |     7 |    19 |    15 ||    49
       Bread ration      |       |       |     1 |     2 |     5 ||     8
       Meat ration       |       |       |       |       |     2 ||     2
       Fruit             |       |       |       |       |     1 ||     1
Armor: Scale mail        |    35 |       |       |       |       ||    35
       Plate armour      |    29 |    63 |       |       |       ||    92
       Chain mail        |       |    28 |   196 |   449 |   540 ||  1213
       Leather armour    |       |       |       |    41 |    68 ||   109
       Skin              |       |       |       |       |    10 ||    10
Dodge: Dodged            |    34 |    38 |   130 |   639 |   857 ||  1698
Block: Shield            |    59 |    99 |   236 |       |       ||   394

Table legend:
 A = Spawn XP
 B = Non-spawn XP
 C = Spawn XP percentage of total XP
 D = Spawn monster count
 E = Non-spawn monster count
 F = Spawn count percentage of total count
 G = Total turns spent on level
                    A         B        C        D         E        F      G
               +---------+---------+-------+---------+---------+-------+---------
         Total |       0 |   83547 |   0.0 |       0 |     564 |   0.0 | 24354
               +---------+---------+-------+---------+---------+-------+---------
           D:1 |       0 |      34 |   0.0 |       0 |      18 |   0.0 |   646
           D:2 |       0 |      91 |   0.0 |       0 |      20 |   0.0 |  1137
           D:3 |       0 |      81 |   0.0 |       0 |      23 |   0.0 |   896
           D:4 |       0 |     450 |   0.0 |       0 |       9 |   0.0 |   827
           D:5 |       0 |     868 |   0.0 |       0 |      17 |   0.0 |  1001
           D:6 |       0 |    1478 |   0.0 |       0 |      26 |   0.0 |  1209
           D:7 |       0 |    2324 |   0.0 |       0 |      29 |   0.0 |  1486
           D:8 |       0 |    1147 |   0.0 |       0 |      21 |   0.0 |   791
           D:9 |       0 |    6510 |   0.0 |       0 |      47 |   0.0 |  2137
          D:10 |       0 |    3207 |   0.0 |       0 |      35 |   0.0 |   974
          D:11 |       0 |    1305 |   0.0 |       0 |      21 |   0.0 |   845
          D:12 |       0 |    3412 |   0.0 |       0 |      26 |   0.0 |   812
        Lair:1 |       0 |    7144 |   0.0 |       0 |      48 |   0.0 |  1388
        Lair:2 |       0 |    4259 |   0.0 |       0 |      20 |   0.0 |  2185
        Lair:3 |       0 |    4551 |   0.0 |       0 |      13 |   0.0 |  1123
        Lair:4 |       0 |    1110 |   0.0 |       0 |       4 |   0.0 |   813
        Lair:5 |       0 |   10078 |   0.0 |       0 |      25 |   0.0 |  1954
        Lair:6 |       0 |   23864 |   0.0 |       0 |      79 |   0.0 |  2264
         Orc:1 |       0 |     948 |   0.0 |       0 |      16 |   0.0 |   151
         IceCv |       0 |    6312 |   0.0 |       0 |      54 |   0.0 |  1074
       Volcano |       0 |    4374 |   0.0 |       0 |      13 |   0.0 |   599
               +---------+---------+-------+---------+---------+-------+---------
